 Dungeon Crawl Stone Soup version 0.23.2-33-g5129a83184 (webtiles) character file.

Game seed: 6321795174834080786

242 dvd the Cudgeler (level 5, -4/44 HPs)
             Began as a Troll Skald on July 7, 2019.
             Was a Believer of Ru.
             Slain by an ogre
             ... wielding a +0 giant spiked club
              (26 damage)
             ... on level 4 of the Dungeon.
             The game lasted 00:05:22 (2751 turns).

dvd the Cudgeler (Troll Skald)                      Turns: 2751, Time: 00:05:22

Health: -4/44      AC:  7    Str: 19    XL:     5   Next: 81%
Magic:  6/6        EV:  4    Int:  9    God:    Ru [**....]
Gold:   183        SH: 11    Dex: 10    Spells: 3/6 levels left

rFire    . . .     SeeInvis .   o - +0 war axe
rCold    . . .     Gourm    +   f - +0 large shield
rNeg     . . .     Faith    .   b - +0 robe
rPois    .         Spirit   .   (helmet restricted)
rElec    .         Reflect  .   l - +0 cloak
rCorr    .         Harm     .   (gloves unavailable)
MR       .....                  (boots unavailable)
Stlth    +.........             i - amulet of magic regeneration
HPRegen  0.54/turn              (no ring)
MPRegen  0.35/turn              (no ring)

@: heavily drained
A: large, unfitting armour, claws 3, fast metabolism 3, frail 1, gourmand,
regeneration 1, shaggy fur 1, tough skin 3
a: Renounce Religion


You were on level 4 of the Dungeon.
You worshipped Ru.
Ru was pleased with you.
You were very full.

You visited 1 branch of the dungeon, and saw 4 of its levels.

You collected 183 gold pieces.

Inventory:

Hand Weapons
 a - a +0 mace
 o - a +0 war axe (weapon)
Missiles
 k - 6 tomahawks (quivered)
 m - 4 large rocks
Armour
 b - a +0 robe (worn)
 f - a +0 large shield (worn)
 l - a +0 cloak (worn)
Jewellery
 i - an amulet of magic regeneration (around neck)
Scrolls
 c - 3 scrolls of identify {unknown}
 h - 2 scrolls of amnesia {unknown}
 n - a scroll of remove curse {unknown}
Potions
 e - a potion of haste {unknown}
 g - 2 potions of heal wounds {unknown}
 j - a potion of degeneration {unknown}
Comestibles
 d - 5 rations


   Skills:
 + Level 2.1(0.7) Fighting
 + Level 1.2(0.8) Axes
 + Level 3.2(1.9) Maces & Flails
 + Level 1.0(0.0) Throwing
 + Level 2.7(1.2) Dodging
 + Level 0.3(0.0) Stealth
 + Level 1.3(0.0) Shields
 + Level 1.3(0.0) Spellcasting
 + Level 2.2(0.8) Charms


You had 3 spell levels left.
You knew the following spells:

 Your Spells              Type           Power        Failure   Level  Hunger
a - Infusion              Chrm           #...         100%        1    ##.....
b - Shroud of Golubria    Chrm/Tloc      #.........   100%        2    ###....

Your spell library contained the following spells:

 Spells                   Type           Power        Failure   Level  Hunger
 Song of Slaying          Chrm           #.......     100%        2    ###....
 Regeneration             Chrm/Necr      #.........   100%        3    ####...
 Spectral Weapon          Hex/Chrm       #.......     100%        3    ####...


Dungeon Overview and Level Annotations

Branches:
Dungeon (4/15)
 Temple: D:4-7

Altars:
Makhleb
Ru
Vehumet
Zin
The Shining One

Shops:
D:4 (

Annotations:
D:4 Pikel


Innate Abilities, Weirdness & Mutations

You are too large for most types of armour.
You have claws for hands.
Your metabolism is lightning-fast.
You are frail. (-10% HP)
You like to eat raw meat.
Your natural rate of healing is unusually fast.
You are covered in fur. (AC +1)
You have extremely tough skin. (AC +3)


Message History

You feel sick. x10
You are no longer poisoned.
Unknown command.
Found a glowing golden altar of the Shining One.
There is a faded altar of an unknown god here.
Found a burning altar of Makhleb.
Found a faded altar of an unknown god.
An ogre comes into view. It is wielding a +0 giant spiked club.
The ogre shouts!
The ogre moves out of view.
You block the ogre's attack.
Your shield prevents you from hitting the ogre.
The ogre hits you with a +0 giant spiked club!!
You hit the ogre but do no damage. You block the ogre's attack.
You closely miss the ogre. The ogre barely misses you.
You block the ogre's attack.
You closely miss the ogre.
The ogre hits you with a +0 giant spiked club!!
Ouch! That really hurt!
You die...

#.##.....##
#.###...## #'#
##.##
#####.######
##.........## #
###..#######..###
# . #_..#
#_._###.._# # .
#.O##...##..### #
#.@.......## .###
####...#### .....
##_## ..### ###


You could see an ogre.

Vanquished Creatures
  A crimson imp (D:2)
  Natasha (twice) (D:3)
  Terence (D:3)
  2 worker ants
  Robin (D:2)
  2 adders (D:3)
  A gnoll (D:1)
  A worm (D:2)
  2 leopard geckos
  8 bats
  4 giant cockroaches
  11 goblins
  3 hobgoblins (D:2)
  5 kobolds
  A frilled lizard (D:1)
  A quokka skeleton (D:4)
  A rat (D:1)
47 creatures vanquished.

Vanquished Creatures (others)
  5 toadstools (D:3)
5 creatures vanquished.

Grand Total: 52 creatures vanquished

Notes
Turn   | Place    | Note
-------+----------+-------------------------------------------
     0 | D:1      | dvd the Troll Skald began the quest for the Orb.
     0 | D:1      | Reached XP level 1. HP: 19/19 MP: 1/1
   120 | D:1      | Reached skill level 2 in Maces & Flails
   120 | D:1      | Reached XP level 2. HP: 27/27 MP: 2/2
   141 | D:1      | Learned a level 2 spell: Shroud of Golubria
   691 | D:2      | Reached XP level 3. HP: 35/35 MP: 4/4
   817 | D:2      | Found a sacrificial altar of Ru.
   847 | D:2      | Became a worshipper of Ru the Awakened
  1089 | D:2      | Reached XP level 4. HP: 42/42 MP: 5/5
  1171 | D:2      | Found a radiant altar of Vehumet.
  1700 | D:2      | Noticed Robin
  1734 | D:2      | Killed Robin
  2052 | D:3      | Reached skill level 1 in Shields
  2077 | D:3      | Noticed Natasha
  2091 | D:3      | Killed Natasha
  2091 | D:3      | Reached skill level 3 in Maces & Flails
  2091 | D:3      | Reached XP level 5. HP: 37/49 MP: 6/6
  2109 | D:3      | Noticed Natasha
  2111 | D:3      | Killed Natasha
  2266 | D:3      | Gained mutation: You are frail. (-10% HP) [Ru sacrifice]
  2266 | D:3      | Reached * piety under Ru
  2266 | D:3      | Reached ** piety under Ru
  2317 | D:3      | Noticed Terence
  2325 | D:3      | Killed Terence
  2325 | D:3      | Reached skill level 1 in Throwing
  2499 | D:4      | Noticed a slave
  2500 | D:4      | Noticed Pikel
  2500 | D:4      | Noticed a slave
  2500 | D:4      | Noticed a slave
  2500 | D:4      | Noticed a slave
  2570 | D:4      | Found Suwnex's Weapon Boutique.
  2699 | D:4      | Reached skill level 1 in Axes
  2700 | D:4      | Found a faded altar of an unknown god.
  2700 | D:4      | Found a glowing silver altar of Zin.
  2735 | D:4      | Found a glowing golden altar of the Shining One.
  2740 | D:4      | Found a burning altar of Makhleb.
  2742 | D:4      | Found a faded altar of an unknown god.
  2745 | D:4      | Noticed an ogre
  2751 | D:4      | Slain by an ogre

Skill      XL: |  1  2  3  4  5 |
---------------+----------------+-----
Dodging        | 2 |  2.7
Maces & Flails | 2 3 |  3.2
Fighting       | 2 |  2.1
Shields        | 1 |  1.3
Throwing       | 1 |  1.0
Axes           | 1 |  1.2
Stealth        | |  0.3
Spellcasting   | |  1.3
Charms         | |  2.2

Action                   |  1- 3 |  4- 6 || total
-------------------------+-------+-------++-------
Melee: Mace              |   100 |    38 ||   138
       War axe           |       |    48 ||    48
Throw: Tomahawk          |     6 |    19 ||    25
       Large rock        |       |     1 ||     1
 Cast: Shroud of Golubri |     1 |       ||     1
Invok: Sacrifice Health  |       |     1 ||     1
 Stab: Sleeping          |     1 |       ||     1
  Eat: Chunk             |    14 |    17 ||    31
Armor: Robe              |    45 |    33 ||    78
Dodge: Dodged            |    30 |    14 ||    44
Block: Large shield      |    40 |    52 ||    92
